 Dungeon Crawl Stone Soup version 0.30-a0-618-gd6c86c23d0 (webtiles) character file.

Game seed: 9271536978267714085

32 Leeroy the Changer (level 3, -1/26 HPs)
             Began as a Demonspawn Transmuter on Jan 9, 2023.
             Slain by a quokka (4 damage)
             ... on level 1 of the Dungeon.
             The game lasted 00:01:07 (493 turns).

Leeroy the Changer (Demonspawn Transmuter)           Turns: 493, Time: 00:01:07

Health: -1/26      AC:  2    Str: 12    XL:     3   Next: 10%
Magic:  5/6        EV: 12    Int: 14    God:
Gold:   15         SH:  0    Dex: 13    Spells: 5/6 levels left

rFire   . . .      SeeInvis .      - Unarmed
rCold   . . .      Faith    .    (no shield)
rNeg    . . .      Spirit   .    a - +0 robe
rPois   .          Reflect  .    (helmet currently unavailable)
rElec   .          Harm     .    (no cloak)
rCorr   .          Rampage  .    (no gloves)
Will    .....                    (boots currently unavailable)
Stlth   +                        (no amulet)
HPRegen 0.24/turn                (no ring)
MPRegen 0.10/turn                (no ring)

@: appendages
A: talons 2, antennae 1, demonic magic 1
a: End Transformation


You were on level 1 of the Dungeon.
You had temporarily grown beastly talons.
You visited 1 branch of the dungeon, and saw 1 of its levels.

You collected 15 gold pieces.

Inventory:

Armour
 a - a +0 robe (worn)
Jewellery
 e - a ring of wizardry
Scrolls
 c - a scroll of acquirement {unknown}
 f - a scroll of enchant weapon {unknown}
 g - 2 scrolls of enchant armour {unknown}
Potions
 b - a potion of lignification
 d - 2 potions of heal wounds {unknown}
 h - a potion of resistance {unknown}
 i - a potion of attraction {unknown}


   Skills:
 - Level 1.0 Fighting
 - Level 1.7 Dodging
 - Level 2.6 Unarmed Combat
 - Level 2.0 Spellcasting
 + Level 3.3 Transmutations


You had 5 spell levels left.
You knew the following spells:

 Your Spells              Type           Power      Damage    Failure   Level
a - Beastly Appendage     Tmut           20%        N/A       6%          1

Your spell library contained the following spells:

 Spells                   Type           Power      Damage    Failure   Level
 Wereblood                Tmut           10%        N/A       10%         2
 Freeze                   Ice            4%         1d3       24%         1
 Spider Form              Tmut/Pois      6%         N/A       36%         3
 Frozen Ramparts          Ice            2%         1d1       56%         3
 Hailstorm                Conj/Ice       1%         3d3       56%         3
 Ice Form                 Ice/Tmut       6%         N/A       77%         4


Dungeon Overview and Level Annotations

Branches:
Dungeon (1/15)

Altars:


Innate Abilities, Weirdness & Mutations

You have temporarily grown beastly talons.
You have a pair of small antennae on your head.
Spells you cast may paralyse adjacent enemies.


Message History

The quokka is almost dead.
The quokka barely misses you. The frilled lizard barely misses you.
You hit the quokka.
You kill the quokka!
A quokka comes into view.
The goblin hits you with a +0 club. The frilled lizard closely misses you.
A frilled lizard comes into view.
You hit the frilled lizard.
You kill the frilled lizard!
The goblin hits you with a +0 club.
Unknown command.
The goblin attacks as you move away! The goblin closely misses you.
Casting: Beastly Appendage (safe; 6% risk of failure)
Confirm with . or Enter, or press ? or * to list all spells.
Your feet morph into talons.
Malevolent energies surge around you. The goblin closely misses you.
You hit the goblin but do no damage. You claw the goblin.
You kill the goblin!
Things that are here:
a +0 club; 2 scrolls labelled WEALOC BAINA The quokka bites you. x2
You hit the quokka.
The quokka is almost dead.
The quokka bites you.
* * * LOW HITPOINT WARNING * * *
You closely miss the quokka. Your kick misses the quokka.
The quokka is almost dead.
The quokka bites you.
* * * LOW HITPOINT WARNING * * *
The frilled lizard bites you.
* * * LOW HITPOINT WARNING * * *
You closely miss the quokka.
The quokka is almost dead.
The quokka bites you but does no damage.
The frilled lizard misses you.
The quokka bites you but does no damage.
Things that are here:
a +0 club; 2 scrolls labelled WEALOC BAINA The quokka attacks as you move away!
The quokka bites you.
You die...

######## #......#
####### ########......#
#...... #.............#
#...... #.#######'#####
#...... #.# ####.# ####
#......##@# #....# +...
........rl# #.#### ###.
..#........###.####...
#. #........+..........
#. #........##†#.##....
#. ..##'#######.#.#
+####. #. #.#######.#.#
#.... #
>...........######.##.
...####.##.###......##.


You could see a quokka and a frilled lizard.

Vanquished Creatures
  A gnoll (D:1)
  A ball python (D:1)
  2 endoplasms (D:1)
  2 giant cockroaches (D:1)
  A goblin (D:1)
  3 hobgoblins (D:1)
  A kobold (D:1)
  3 quokkas (D:1)
  3 bats (D:1)
  3 frilled lizards (D:1)
  A rat (D:1)
21 creatures vanquished.

Notes
Turn   | Place    | Note
-------+----------+-------------------------------------------
     0 | D:1      | Leeroy the Demonspawn Transmuter began the quest for the
                  | Orb.
     0 | D:1      | Reached XP level 1. HP: 15/15 MP: 3/3
    50 | D:1      | Reached skill level 2 in Transmutations
   161 | D:1      | Gained mutation: Spells you cast may paralyse adjacent
                  | enemies. [demonic ancestry]
   161 | D:1      | Reached XP level 2. HP: 19/21 MP: 5/5
   335 | D:1      | Reached skill level 3 in Transmutations
   468 | D:1      | Gained mutation: You have a pair of small antennae on your
                  | head. [demonic ancestry]
   468 | D:1      | Reached XP level 3. HP: 25/26 MP: 6/6
   493 | D:1      | Slain by a quokka

Illustrated notes

Levels and vault maps discovered:
D:1:      dpeg_arrival_yet_another_circle, layout_basic, minmay_heptomino_d4

Skill      XL: |  1  2 |
---------------+-------+-----
Transmutations | 2 3 |  3.3
Fighting       | |  1.0
Dodging        | |  1.7
Unarmed Combat | |  2.6
Spellcasting   | |  2.0

Action                   || total
-------------------------++-------
Melee: Unarmed           ||    98
       Punch             ||     5
       Kick              ||     3
       Headbutt          ||     2
 Cast: Beastly Appendage ||     4
 Stab: Paralysed         ||     3
Armor: Robe              ||    26
Dodge: Dodged            ||    79

Table legend: (Time is in decaauts)
 A = Elapsed time spent in this place.
 B = Non-inter-level travel time spent in this place.
 C = Inter-level travel time spent in this place.
 D = Time resting spent in this place.
 E = Time spent auto-exploring this place.
 F = Levels seen in this place.
 G = Mean time per level.
                   A        B        C        D        E       F      G
               +--------+--------+--------+--------+--------+-----+--------+
         Total |    488 |    488 |      0 |      0 |    297 |   1 |  488.0 |
       Dungeon |    488 |    488 |      0 |      0 |    297 |   1 |  488.0 |
               +--------+--------+--------+--------+--------+-----+--------+

Top non-repeatable levels by time:
     D:1: 488 daAuts
